 Dungeon Crawl Stone Soup version 0.31-a0-986-g5e6e4ef867 (webtiles) character file.

Game seed: 11508446628300510397

3 timneilson the Ruffian (level 1, -1/13 HPs)
             Began as an Octopode Shapeshifter on Nov 3, 2023.
             Slain by a kobold
             ... wielding a +0 short sword
              (5 damage)
             ... on level 1 of the Dungeon.
             The game lasted 00:00:15 (79 turns).

timneilson the Ruffian (Octopode Shapeshifter)        Turns: 79, Time: 00:00:16

Health: -1/13      AC:  1    Str: 13    XL:     1   Next: 50%
Magic:  1/1        EV: 13    Int: 12    God:
Gold:   31         SH:  0    Dex: 11    Spells: 0/0 levels left

rFire   . .          .
                       - Unarmed
rCold   . . .        (no shield)
rNeg    . . .        (helmet currently unavailable)
rPois   .            (no amulet)
rElec   .            (no ring)
rCorr   .            (no ring)
SInv    .            (no ring)
Will    .....        (no ring)
Stlth   ++           (no ring)
HPRegen 0.22/turn    (no ring)
MPRegen 0.07/turn    (no ring)
                     (no ring)

%: no passive effects
@: beast-form
A: beast (slay +1), almost no armour, amphibious, 8 rings, camouflage 1,
gelatinous body 1, (nimble swimmer 1), tentacles
a: Begin Untransformation


You were on level 1 of the Dungeon.
You were a hulking beast.
You visited 1 branch of the dungeon, and saw 1 of its levels.

You collected 31 gold pieces.

Inventory:

Talismans
 b - a beast talisman
 c - a flux talisman
Potions
 a - a potion of lignification


   Skills:
 * Level 1.1 Fighting
 * Level 2.0 Dodging
 + Level 0.2 Stealth
 * Level 3.0 Unarmed Combat
 + Level 0.0 Spellcasting
 * Level 3.0 Shapeshifting


You couldn't memorise any spells.
You didn't know any spells.
Your spell library was empty.

Dungeon Overview and Level Annotations

Branches:
Dungeon (1/15)

Altars:


Innate Abilities, Weirdness & Mutations

You are a hulking beast.
Your limbs bulge with bestial killing power. (Slay +1)
You cannot wear most types of armour.
You are amphibious.
You can wear up to eight rings at the same time.
Your skin changes colour to match your surroundings (Stealth+).
Your rubbery body absorbs attacks. (AC +1, EV +1)
((You are camouflaged when in or above water. (Stealth+)))
You have tentacles for arms and can constrict up to eight enemies at once.


Message History

You tentacle-slap the bat.
You kill the bat!
The rat barely misses you.
You tentacle-slap the rat.
You kill the rat!
You see here a bat corpse.
A rat comes into view.
A rat is nearby!
Found 12 gold pieces.
The rat bites you.
You tentacle-slap the rat.
You kill the rat!
An endoplasm comes into view.
Found 6 stones and a thin runed staff.
The endoplasm quivers.
Found 19 gold pieces.
You tentacle-slap the endoplasm.
You kill the endoplasm!
You now have 12 gold pieces.
Found a dagger.
Found a dagger.
A kobold comes into view. It is wielding a +0 short sword.
You see here 19 gold pieces.
A kobold is nearby!
You now have 31 gold pieces (gained 19).
A rat comes into view.
Found 14 gold pieces.
The kobold hits you with a +0 short sword.
You barely miss the kobold. Your grab misses the kobold.
The kobold barely misses you.
You closely miss the kobold. Your grab misses the kobold.
You squeeze the kobold, but do no damage.
The rat bites you but does no damage.
The kobold hits you with a +0 short sword.
You barely miss the kobold. Your grab misses the kobold.
The rat barely misses you. The kobold closely misses you.
You closely miss the kobold. Your grab misses the kobold.
You tentacle-slap the kobold, but do no damage.
The rat closely misses you.
The kobold hits you with a +0 short sword.
You die...

... #...................
...##......!............
........................
................ .......
.............####.#....
............#.(.......
######.r..).............
......Kh................
.......#.............#..
...$...#.............#..
........................
........................
................####....
#.###...........####....
.. ............#.......
.. #.......


You could see a kobold and a rat.

Vanquished Creatures
  An endoplasm (D:1)
  A bat (D:1)
  2 rats (D:1)
4 creatures vanquished.

Notes
Turn   | Place    | Note
-------+----------+-------------------------------------------
     0 | D:1      | timneilson the Octopode Shapeshifter began the quest for
                  | the Orb.
     0 | D:1      | Reached XP level 1. HP: 13/13 MP: 1/1
    79 | D:1      | Slain by a kobold

Illustrated notes

Levels and vault maps discovered:
D:1:      mainiacjoe_arrival_reflecting_pool, layout_basic,
          minmay_indecisive_spiral

Action                     || total
---------------------------++-------
  Melee: Unarmed           ||    10
         Constrict         ||     1
         Punch             ||     1
         Tentacles         ||     1
   Stab: Sleeping          ||     1
 Armour: Skin              ||     7
  Dodge: Dodged            ||     7

Table legend: (Time is in decaauts)
 A = Elapsed time spent in this place.
 B = Non-inter-level travel time spent in this place.
 C = Inter-level travel time spent in this place.
 D = Time resting spent in this place.
 E = Time spent auto-exploring this place.
 F = Levels seen in this place.
 G = Mean time per level.
                   A        B        C        D        E       F      G
               +--------+--------+--------+--------+--------+-----+--------+
         Total |     78 |     78 |      0 |      0 |     41 |   1 |   78.0 |
       Dungeon |     78 |     78 |      0 |      0 |     41 |   1 |   78.0 |
               +--------+--------+--------+--------+--------+-----+--------+

Top non-repeatable levels by time:
     D:1: 78 daAuts
